 Dungeon Crawl Stone Soup version 0.25-a0-707-g603da076d2 (webtiles) character file.

Game seed: 15769021156252062011, levelgen mode: deterministic

1 sanka the Scratcher (level 1, -1/9 HPs)
             Began as a Felid Wanderer on Apr 4, 2020.
             Slain by a kobold
             ... wielding a +0 dagger
              (5 damage)
             ... on level 1 of the Dungeon.
             The game lasted 00:00:28 (60 turns).

sanka the Scratcher (Felid Wanderer)                  Turns: 60, Time: 00:00:29

Health: -1/9       AC:  1    Str:  8    XL:     1   Next: 16%
Magic:  2/2        EV: 17    Int: 14    God:
Gold:   2          SH:  0    Dex: 14    Spells: 0/0 levels left
                                        Lives:  0   Deaths: 0

rFire    . . .     SeeInvis +     - Unarmed
rCold    . . .     Gourm    .   (shield unavailable)
rNeg     . . .     Faith    .   (armour unavailable)
rPois    .         Spirit   .   (helmet unavailable)
rElec    .         Reflect  .   (cloak unavailable)
rCorr    .         Harm     .   (gloves unavailable)
MR       .....                  (boots unavailable)
Stlth    +++.......             (no amulet)
HPRegen  0.03/turn              (no ring)
MPRegen  0.08/turn              (no ring)

@: quick
A: very small, no armour, no weapons or thrown items, stealth, claws 1, fangs 3,
see invisible, carnivore, speed 1, shaggy fur 1, slow metabolism 1, sharp paws
a: no special abilities


You were on level 1 of the Dungeon.
You were not hungry.

You visited 1 branch of the dungeon, and saw 1 of its levels.

You collected 2 gold pieces.


Innate Abilities, Weirdness & Mutations

You cannot wear armour.
You are incapable of wielding weapons or throwing items.
Your paws allow you to move quietly. (Stealth)
You have sharp claws.
You have razor-sharp teeth.
You have supernaturally acute eyesight. (SInv)
You are carnivorous and can eat meat at any time.
You cover ground quickly.
You are covered in fur. (AC +1)
You have a slow metabolism.
Your sharp claws are effective at attacking unaware monsters.


   Skills:
 - Level 2.0 Fighting
 + Level 2.7 Dodging
 + Level 2.7 Stealth
 * Level 4.0 Unarmed Combat


You couldn't memorise any spells.
You didn't know any spells.
Your spell library was empty.

Inventory:

Scrolls
 a - a scroll of fear
 b - a scroll of blinking
 d - a scroll of teleportation {@r4}
 e - 3 scrolls of magic mapping {unknown}
Potions
 c - a potion of curing {@q1}
Comestibles
 f - a ration

Dungeon Overview and Level Annotations

Branches:
Dungeon (1/15)

Altars:

▒▒▒.▒▒▒ ▒Z▒.▒Z▒
▒▒▒▒▒.▒▒▒ ....
▒Z▒(..▒Z▒ ▒...
▒▒▒.▒▒▒▒▒ ▒..▒
▒Z▒.▒Z▒ ▒▒▒▒.?▒
▒▒▒.▒▒▒ ▒.▒▒..▒ ▒▒
▒...▒▒▒▒.▒▒..▒▒.▒▒
+.>.hKl▒.▒▒......▒▒▒.
▒...▒▒...............
▒▒▒▒▒▒.▒▒.▒..........
▒Z▒ ▒.▒▒..▒(.....▒▒
▒▒▒ ▒.▒▒.▒▒▒(...▒▒
▒.▒.▒▒ ▒▒...▒ ▒.▒▒
....▒ ▒.▒ .▒...▒ ▒.▒
.▒▒...▒


You could see a felid zombie, a dwarf zombie, a kobold and a frilled lizard.


Message History

The bat barely misses you. The bat barely misses you. The bat hits you.
The bat hits you. The bat closely misses you. The bat closely misses you.
There is an open door here.
You closely miss the bat. You bite the bat, but do no damage.
The bat closely misses you.
You closely miss the bat. The bat hits you. The bat misses you.
The bat hits you.
* * * LOW HITPOINT WARNING * * *
The frilled lizard unfolds its giant frill.
There is an open door, spattered with blood here.
You barely miss the bat. Your bite misses the bat. The bat closely misses you.
You scratch the bat.
You kill the bat!
You closely miss the kobold. The kobold closely misses you.
You barely miss the kobold. The kobold misses you.
You miss the kobold. The kobold hits you with a +0 dagger.
Ouch! That really hurt!
You die...

Action                   || total
-------------------------++-------
Melee: Unarmed           ||     8
       Bite              ||     1
Armor: Skin              ||     1
Dodge: Dodged            ||    14

Levels and vault maps discovered:
D:1:      shiori_arrival_whats_in_store_for_you, layout_loops_ring

Notes
Turn   | Place    | Note
-------+----------+-------------------------------------------
     0 | D:1      | sanka the Felid Wanderer began the quest for the Orb.
     0 | D:1      | sanka set off with the following items: a scroll of fear, a
                  | scroll of blinking, a potion of curing {@q1}, a scroll of
                  | teleportation {@r4}, a ration
     0 | D:1      | Reached XP level 1. HP: 9/9 MP: 2/2
     6 | D:1      | Noticed a merfolk zombie
    12 | D:1      | Noticed a merfolk zombie
    17 | D:1      | Noticed a minotaur zombie
    19 | D:1      | Noticed a minotaur zombie
    60 | D:1      | Slain by a kobold

Vanquished Creatures
  A bat (D:1)
  A rat (D:1)
2 creatures vanquished.
